 Seeded DCSS version 0.31-a0-1-g4198be8af4 (webtiles) character file.

Game seed: 548224908236487523 (custom seed)

52 Pimp the Chucker (level 3, -1/19 HPs)
             Began as a Spriggan Wanderer on May 3, 2023.
             Slain by a gnoll
             ... wielding a +0 whip
              (6 damage)
             ... on level 2 of the Dungeon.
             The game lasted 00:01:52 (1216 turns).

Pimp the Chucker (Spriggan Wanderer)                Turns: 1216, Time: 00:01:53

Health: -1/19      AC:  3    Str: 10    XL:     3   Next: 60%
Magic:  4/4        EV: 18    Int: 10    God:
Gold:   111        SH:  0    Dex: 17    Spells: 2/2 levels left

rFire   . . .        a - +3 dagger
rCold   . . .        (no shield)
rNeg    . . .        e - +0 robe
rPois   .            (helmet restricted)
rElec   .            k - +0 cloak
rCorr   .            (gloves unavailable)
SInv    +            (boots unavailable)
Will    .....        (no amulet)
Stlth   ++           (no ring)
HPRegen 0.23/turn    (no ring)
MPRegen 0.09/turn

%: no passive effects
@: very quick
A: very small, no large weapons, unfitting armour, see invisible, speed 3
a: no special abilities


You were on level 2 of the Dungeon.
You visited 1 branch of the dungeon, and saw 2 of its levels.

You collected 111 gold pieces.

Inventory:

Hand Weapons
 a - a +3 dagger (weapon)
Missiles
 b - 4 curare-tipped darts (quivered)
Armour
 e - a +0 robe (worn)
 k - a +0 cloak (worn)
Scrolls
 c - a scroll of teleportation
 d - a scroll of fear
 f - a scroll of identify {unknown}
 g - a scroll of blinking {unknown}
 n - a scroll of magic mapping {unknown}
Potions
 h - a potion of magic {unknown}
 i - 2 potions of haste {unknown}
 j - a potion of ambrosia {unknown}
 l - a potion of curing {unknown}
 m - a potion of heal wounds {unknown}
 o - a potion of mutation {unknown}
 p - a potion of flight {unknown}


   Skills:
 + Level 2.9 Fighting
 + Level 4.5 Throwing
 + Level 4.1 Dodging


You had 2 spell levels left.
You didn't know any spells.
Your spell library contained the following spells:

 Spells                   Type           Power      Damage    Failure   Level
 Blink                    Tloc           0%         N/A       50%         2
 Lesser Beckoning         Tloc           0%         N/A       50%         2
 Momentum Strike          Conj/Tloc      0%         3d8       50%         2


Dungeon Overview and Level Annotations

Branches:
Dungeon (2/15)

Altars:


Innate Abilities, Weirdness & Mutations

You are very small and have problems with some larger weapons.
You are too small for most types of armour.
You have supernaturally acute eyesight. (SInv)
You cover ground extremely quickly. (Speed+++)


Message History

A gnoll comes into view. It is wielding a +0 spear.
The gnoll shouts!
You hear a shout! x2
A gnoll is nearby!
A gnoll is nearby! 2 gnolls come into view.
The gnoll moves out of view.
A gnoll comes into view. It is wielding a +0 spear.
The gnoll hits you with a +0 spear. The gnoll completely misses you.
The gnoll shouts!
You hit the gnoll.
The gnoll is moderately wounded.
The gnoll hits you with a +0 whip.
You hit the gnoll.
The gnoll is heavily wounded.
The gnoll closely misses you. The gnoll misses you.
The gnoll hits you with a +0 whip.
A rat comes into view.
The gnoll misses you.
You hit the gnoll but do no damage. The gnoll barely misses you.
The gnoll completely misses you. The gnoll misses you.
You hit the gnoll.
The gnoll is moderately wounded.
The gnoll closely misses you. The gnoll misses you.
The gnoll closely misses you.
You hit the gnoll.
The gnoll is heavily wounded.
The gnoll misses you.
The gnoll hits you from afar with a +0 spear.
The gnoll closely misses you.
You barely miss the gnoll.
The gnoll is heavily wounded.
The gnoll completely misses you.
The gnoll hits you from afar with a +0 spear.
* * * LOW HITPOINT WARNING * * *
The gnoll misses you.
You hit the gnoll.
The gnoll is severely wounded.
The gnoll completely misses you. The gnoll misses you. x2
The gnoll hits you with a +0 whip.
You die...

#..######.##### #..
..............# #.#
#.........###.####
#######.#
#...#####.###.....
#......#.
..<..####........##.#
#.###.###
#..........#####.##.#
#.##.## # ##.#######.#
#.##.# #.###.### #.# .#
#.##.# ##.####.#. #.# #.#
#@##.# #)..####.# ..#
#.#####g##.# #.#..# ###
... #.....ggg..#
##....##### ....
####.......# #.........#
#..#.###.# #.##..###.#
#...#.###.###.#...###..
..................#...†.
###...#####.###.#...###).
#..r# #.# #.##..# #.#


You could see 4 gnolls.

Vanquished Creatures
  2 adders (D:2)
  2 worms (D:2)
  A dart slug (D:1)
  2 bats
  2 endoplasms (D:1)
  2 giant cockroaches (D:2)
  2 goblins
  3 hobgoblins
  3 jackals (D:1)
  2 kobolds
  A ball python (D:1)
  2 frilled lizards (D:1)
  A rat (D:2)
25 creatures vanquished.

Notes
Turn   | Place    | Note
-------+----------+-------------------------------------------
     0 | D:1      | Pimp the Spriggan Wanderer began the quest for the Orb.
     0 | D:1      | Pimp set off with the following items: a +3 dagger, 4
                  | curare-tipped darts, a scroll of teleportation, a scroll of
                  | fear, a +0 robe.
     0 | D:1      | Reached XP level 1. HP: 11/11 MP: 2/2
   244 | D:1      | Reached XP level 2. HP: 16/16 MP: 3/3
   742 | D:2      | Found a faded altar of an unknown god.
   794 | D:2      | Reached XP level 3. HP: 8/19 MP: 4/4
  1216 | D:2      | Slain by a gnoll

Illustrated notes

Levels and vault maps discovered:
D:1:      evilmike_arrival_rings, layout_rooms, serial_glass, glass_columns_c,
          glass_columns_a, glass_columns_a, glass_columns_a
D:2:      layout_loops_corners, shapermc_ecumenical_altar_totnotflames

Skill      XL: |  1  2  3 |
---------------+----------+-----
Dodging        | 4 |  4.1
Fighting       | |  2.9
Throwing       | |  4.5

Action                     || total
---------------------------++-------
  Melee: Dagger            ||   102
   Stab: Sleeping          ||     5
 Armour: Robe              ||    11
  Dodge: Dodged            ||   131

Table legend: (Time is in decaauts)
 A = Elapsed time spent in this place.
 B = Non-inter-level travel time spent in this place.
 C = Inter-level travel time spent in this place.
 D = Time resting spent in this place.
 E = Time spent auto-exploring this place.
 F = Levels seen in this place.
 G = Mean time per level.
                   A        B        C        D        E       F      G
               +--------+--------+--------+--------+--------+-----+--------+
         Total |    871 |    854 |     17 |      0 |    632 |   2 |  435.5 |
       Dungeon |    871 |    854 |     17 |      0 |    632 |   2 |  435.5 |
               +--------+--------+--------+--------+--------+-----+--------+

Top non-repeatable levels by time:
     D:1: 469 daAuts
     D:2: 402 daAuts
